 Dungeon Crawl Stone Soup version 0.25-a0-591-g2ad0d861f1 (webtiles) character file.

Game seed: 2392381472845360690, levelgen mode: deterministic

22152 sanka the Fighter (level 12, -3/107 HPs)
             Began as a Barachi Ice Elementalist on Mar 13, 2020.
             Was a High Priest of Vehumet.
             Slain by Nuigo's ghost (8 damage)
             ... on level 2 of the Lair of Beasts.
             The game lasted 00:43:39 (16047 turns).

sanka the Fighter (Barachi Ice Elementalist)       Turns: 16047, Time: 00:43:39

Health: -3/107     AC:  7    Str: 10      XL:     12   Next: 97%
Magic:  8/24       EV: 18    Int: 21 (23) God:    Vehumet [*****.]
Gold:   923        SH:  0    Dex: 16 (18) Spells: 8/27 levels left

rFire    . . .     SeeInvis .   y - +1 lajatang of Kesixanu {vamp, +Inv rC+ Dex+6}
rCold    + + +     Gourm    +   (shield currently unavailable)
rNeg     . . .     Faith    .   K - +3 robe of Clouds {+Thunder rCloud rElec}
rPois    .         Spirit   .   e - +0 helmet
rElec    +         Reflect  .   B - scarf {rC+ rF+}
rCorr    +         Harm     .   t - +0 pair of gloves
MR       .....                  V - +0 pair of boots
Stlth    +.........             d - amulet of the gourmand
HPRegen  0.27/turn              U - ring of ice
MPRegen  0.19/turn              J - ring of resist corrosion

@: mighty, very heavily drained, slow
A: +LOS, swims, clever 1, deformed body, deterioration 1, slowness 1, MP-powered
wands, strong legs 1
a: Hop, Renounce Religion, Evoke Thunderclouds, Evoke Invisibility


You were on level 2 of the Lair of Beasts.
You worshipped Vehumet.
Vehumet was extremely pleased with you.
You were not hungry.

You visited 2 branches of the dungeon, and saw 12 of its levels.
You also visited: Ossuary.

You collected 923 gold pieces.


Innate Abilities, Weirdness & Mutations

You can be seen from farther away. (+LOS)
You can swim through water.
You cover ground slowly.
You can hop short distances.
Your mind is acute. (Int +2)
Armour fits poorly on your strangely shaped body.
Your body sometimes deteriorates upon taking damage.
You expend magic power (3 MP) to strengthen your wands.


   Skills:
 + Level 14.0(9.8) Fighting
 + Level 13.2(9.0) Dodging
 - Level 1.7(0.0) Stealth
 - Level 8.0(4.4) Spellcasting
 - Level 6.0(2.5) Conjurations
 - Level 4.0(0.7) Summonings
 - Level 10.0(6.2) Ice Magic


You had 8 spell levels left.
You knew the following spells:

 Your Spells              Type           Power        Failure   Level  Hunger
a - Ozocubu's Armour      Chrm/Ice       ####....     10%         3    ##.....
c - Sticky Flame          Conj/Fire      #.......     17%         4    ####...
u - Hailstorm             Conj/Ice       ####....     5%          4    ####...
x - Summon Ice Beast      Ice/Summ       ####....     28%         4    ####...
y - Frozen Ramparts       Ice            #####.       1%          3    ##.....
z - Freeze                Ice            ####         1%          1    None

Your spell library contained the following spells:

 Spells                   Type           Power        Failure   Level  Hunger
 Olgreb's Toxic Radiance  Pois           #.......     28%         4    ####...
 Inner Flame              Hex/Fire       #.......     10%         3    ##.....
 Corona                   Hex            #......      12%         1    None
 Slow                     Hex            #.......     17%         2    #......
 Portal Projectile        Hex/Tloc       #.....       34%         3    ##.....
 Cause Fear               Hex            #.........   75%         4    ####...
 Leda's Liquefaction      Hex/Erth       #.........   75%         4    ####...

Inventory:

Hand Weapons
 k - a +4 dagger
 n - a +0 flail
 y - the +1 lajatang of Kesixanu (weapon) {vamp, +Inv rC+ Dex+6}

   It inflicts no extra harm, but heals its wielder when it wounds a living foe.
   It affects your dexterity (+6).
   It protects you from cold.
   It lets you turn invisible.
 G - a +2 war axe of electrocution
Missiles
 b - 72 poisoned darts (quivered)
 C - 3 throwing nets {=f}
Armour
 e - a +0 helmet (worn)
 t - a +0 pair of gloves (worn)
 B - a scarf of resistance (worn)
 K - the +3 robe of Clouds (worn) {+Thunder rCloud rElec}

   It insulates you from electricity.
 V - a +0 pair of boots (worn)
Jewellery
 d - an amulet of the gourmand (around neck)
 f - an uncursed ring of protection from magic
 H - an uncursed ring of fire
 J - a ring of resist corrosion (right hand)
 P - an uncursed amulet of regeneration
 R - an uncursed ring of positive energy
 T - an uncursed ring of teleportation
 U - a ring of ice (left hand)
Wands
 l - a wand of flame (19)
 r - a wand of iceblast (15)
 x - a wand of disintegration (12)
 S - a wand of acid (13)
Scrolls
 a - 2 scrolls of enchant weapon
 h - a scroll of summoning {unknown}
 i - 2 scrolls of fog
 j - a scroll of fear
 m - 8 scrolls of remove curse
 o - 2 scrolls of magic mapping
 p - 4 scrolls of blinking
 v - 7 scrolls of teleportation {@r4}
 w - 3 scrolls of enchant armour
 F - 2 scrolls of immolation {!r}
 I - a scroll of holy word
 M - a scroll of brand weapon {unknown}
 N - 3 scrolls of amnesia
Potions
 g - 3 potions of might
 q - 2 potions of heal wounds {@q2}
 s - a potion of invisibility {unknown}
 u - a potion of ambrosia
 z - 3 potions of curing {@q1}
 A - a potion of cancellation
 D - 2 potions of brilliance {unknown}
 E - 2 potions of lignification {unknown}
 L - a potion of stabbing {unknown}
 O - a potion of haste {unknown}
 Q - a potion of berserk rage {unknown}
 W - a potion of flight {unknown}
Comestibles
 c - 24 rations

Dungeon Overview and Level Annotations

Branches:
Dungeon (10/15)            Temple (0/1) D:7            Lair (2/6) D:10
  Swamp (0/4) Lair:2        Snake (0/4) Lair:2          Orc (0/2) D:9
Ossuary (visited)

Altars:
Dithmenos
Elyvilon
Gozag
Makhleb
Sif Muna
Trog
Uskayaw
Vehumet
Wu Jian
Xom
The Shining One

Portals:
Trove: D:10 (give 2 scrolls of acquirement)

Annotations:
Lair:2 Nuigo's ghost, journeyman KoAs

..............▒▒..▒▒ ▒▒▒▒.▒▒▒..
....▒▒▒▒P..........▒▒▒▒▒....▒▒...
.....▒ ▒▒..▒...............P▒▒...
.....▒▒ ▒▒▒▒▒▒▒........(..▒▒▒▒...
......▒ ▒..........f▒ ▒▒..
.....▒▒ ▒▒......!..f▒ ▒.. ....▒▒
▒▒.........▒▒ ▒▒▒ ....▒▒
▒.........▒▒ .....▒ ▒▒F........▒
...P▒▒ ▒▒▒▒WZ.....▒▒▒▒▒▒▒ ▒ ..▒▒▒
▒▒▒.▒.YY.....[.....▒ ▒▒ .▒▒
▒...▒..............▒▒▒. ▒▒
▒...................▒▒.
▒▒....................▒.
▒....................▒▒. ▒
▒..........>...........▒ ▒
▒▒▒..........f...........▒


You could see a spectral black mamba, Nuigo's ghost and 2 friendly ice beasts.


Message History

Your ice beast closely misses Nuigo's ghost.
The spectral black mamba closely misses you.
Nuigo's ghost hits you but does no damage.
You feel drained.
Unknown command.
Unknown command.
You closely miss Nuigo's ghost.
Nuigo's ghost is severely damaged.
The spectral black mamba barely misses you.
Your ice beast completely misses Nuigo's ghost.
Your ice beast hits Nuigo's ghost but does no damage.
The spectral black mamba closely misses you.
Nuigo's ghost hits your ice beast but does no damage.
Nuigo's ghost drains your ice beast.
Your ice beast completely misses Nuigo's ghost.
Your ice beast completely misses Nuigo's ghost.
The spectral black mamba closely misses you.
Unknown command.
Unknown command.
You closely miss Nuigo's ghost.
Nuigo's ghost is severely damaged.
The spectral black mamba closely misses you.
Nuigo's ghost hits you but does no damage.
You feel drained.
Your ice beast completely misses Nuigo's ghost.
Your ice beast hits Nuigo's ghost but does no damage.
The spectral black mamba bites you!
* * * LOW HITPOINT WARNING * * *
Nuigo's ghost hits you!
You die...

Action                   |  1- 3 |  4- 6 |  7- 9 | 10-12 || total
-------------------------+-------+-------+-------+-------++-------
Melee: Unarmed           |    11 |       |       |       ||    11
       Whip              |    21 |     4 |       |       ||    25
       Dagger            |       |    55 |    19 |       ||    74
       Lajatang          |       |       |   176 |   445 ||   621
 Cast: Freeze            |    50 |    73 |    48 |    25 ||   196
       Ozocubu's Armour  |       |     1 |    24 |    41 ||    66
       Frozen Ramparts   |       |     4 |    32 |    63 ||    99
       Summon Ice Beast  |       |     2 |       |     5 ||     7
 Abil: Hop               |       |       |       |     1 ||     1
Evoke: Wand              |       |       |     1 |     2 ||     3
  Use: Potion            |       |       |     7 |     3 ||    10
       Scroll            |       |       |       |    16 ||    16
 Stab: Sleeping          |     2 |     2 |     2 |     2 ||     8
  Eat: Chunk             |     4 |     9 |    13 |    33 ||    59
       Ration            |       |       |     2 |       ||     2
Armor: Robe              |    15 |    29 |    49 |   119 ||   212
Dodge: Dodged            |    47 |    75 |   207 |   730 ||  1059

Levels and vault maps discovered:
D:1:      minmay_arrival_widening_spiral_wide, layout_basic, st_stairs_7
D:2:      layout_basic
D:3:      layout_loops_ring, elyvilon_altar_5, minmay_gold_behind_fungi,
          uniq_grinder, uniq_robin, uniq_natasha
D:4:      layout_rooms, grunt_temple_overflow_lords_of_destruction,
          minivault_24, grunt_ministairs_15, roderic_malta_cross, uniq_duvessa
D:5:      layout_loops_ring, basic_altar, first_ration, hangedman_decor_growths,
          lightli_minifort
D:6:      layout_cave_pods, nicolae_overflow_hidden_temple,
          nicolae_overflow_crystal_walls, basic_altar,
          nicolae_ossuary_entry_giza, trog_ov_bears_minmay
D:7:      layout_basic, minmay_temple_entry_arrows,
          kennysheep_decorative_pillar, uniq_harold
D:8:      minmay_chambers_of_fours, layout_gridville, lemuel_crystal_altar,
          blue_anna_alchemist [blue_anna_fruit_fields, blue_anna_fruit_fields],
          minmay_misc_feat_encased
D:9:      layout_gridville, grunt_gozag_statues,
          gammafunk_temple_overflow_elements,
          kennysheep_orc_monster_closet_entryway
D:10:     layout_loops_cross, erik_lair_orcish_takeover,
          nicolae_trove_entry_columns, uniq_josephine
Lair:1:   layout_long_grid, uniq_fannar
Lair:2:   layout_cave_pods, minmay_swamp_entry_worms,
          minmay_snake_entry_spellcaster, gammafunk_ghost_necromancy

Notes
Turn   | Place    | Note
-------+----------+-------------------------------------------
     0 | D:1      | sanka the Barachi Ice Elementalist began the quest for the
                  | Orb.
     0 | D:1      | Reached XP level 1. HP: 13/13 MP: 3/3
   439 | D:1      | Reached XP level 2. HP: 19/19 MP: 2/5
   482 | D:1      | Reached skill level 3 in Spellcasting
   974 | D:1      | Reached XP level 3. HP: 24/24 MP: 8/8
   979 | D:1      | Learned a level 3 spell: Frozen Ramparts
   983 | D:1      | Learned a level 3 spell: Ozocubu's Armour
  1149 | D:2      | Reached skill level 5 in Ice Magic
  1917 | D:2      | Reached XP level 4. HP: 30/30 MP: 6/9
  2921 | D:3      | Noticed Grinder
  3034 | D:3      | Noticed Robin
  3036 | D:3      | Reached skill level 4 in Spellcasting
  3342 | D:3      | Reached skill level 6 in Ice Magic
  3350 | D:3      | Killed Robin
  3350 | D:3      | Reached XP level 5. HP: 27/35 MP: 3/11
  3528 | D:3      | Found a white marble altar of Elyvilon.
  3535 | D:3      | Noticed Natasha
  3546 | D:3      | Killed Natasha
  3887 | D:3      | Learned a level 4 spell: Summon Ice Beast
  4044 | D:3      | Noticed Natasha
  4051 | D:3      | Killed Natasha
  4051 | D:3      | Reached skill level 7 in Ice Magic
  4429 | D:3      | Noticed Natasha
  4436 | D:3      | Killed Natasha
  4436 | D:3      | Reached skill level 1 in Summonings
  4436 | D:3      | Reached XP level 6. HP: 41/41 MP: 7/12
  4570 | D:3      | Paralysed by Grinder for 6 turns
  4592 | D:3      | Paralysed by Grinder for 3 turns
  4593 | D:3      | Killed Grinder
  4593 | D:3      | Reached skill level 2 in Summonings
  4593 | D:3      | Reached skill level 8 in Ice Magic
  4593 | D:3      | Reached XP level 7. HP: 10/46 MP: 2/13
  4932 | D:4      | Noticed Duvessa
  4932 | D:4      | Noticed Dowan
  4945 | D:4      | Killed Duvessa
  4945 | D:4      | Reached skill level 3 in Summonings
  4945 | D:4      | HP: 4/46 [Dowan/stone arrow (16)]
  4946 | D:4      | Gained mutation: Scrolls take you a little longer to read.
                  | [potion of mutation]
  4946 | D:4      | Gained mutation: You expend magic power (3 MP) to
                  | strengthen your wands. [potion of mutation]
  4946 | D:4      | Gained mutation: You are resistant to electric shocks.
                  | (rElec) [potion of mutation]
  4950 | D:4      | Killed Dowan
  4964 | D:4      | HP: 4/46 [adder (4)]
  4977 | D:4      | HP: 4/46 [adder (4)]
  4982 | D:4      | Reached skill level 9 in Ice Magic
  4983 | D:4      | HP: 2/46 [poisoned by a worker ant]
  4990 | D:4      | HP: 2/46 [poisoned by a worker ant]
  4997 | D:4      | HP: 1/46 [poisoned by a worker ant]
  5691 | D:4      | Found a burning altar of Makhleb.
  5692 | D:4      | Found a radiant altar of Vehumet.
  5698 | D:4      | Became a worshipper of Vehumet
  5888 | D:4      | Reached XP level 8. HP: 19/53 MP: 5/14
  6125 | D:4      | Got a fine lajatang
  6126 | D:4      | Identified the +1 lajatang of Kesixanu {vamp, +Inv rC+
                  | Dex+6} (You found it on level 4 of the Dungeon)
  6335 | D:5      | Entered Level 5 of the Dungeon
  6393 | D:5      | Learned a level 4 spell: Hailstorm
  6405 | D:5      | Reached skill level 1 in Fighting
  6416 | D:5      | Reached skill level 1 in Conjurations
  6416 | D:5      | Reached skill level 4 in Summonings
  6504 | D:5      | Identified a scarf of resistance (You found it on level 5
                  | of the Dungeon)
  6540 | D:5      | Reached skill level 2 in Fighting
  6540 | D:5      | Reached skill level 3 in Dodging
  6540 | D:5      | Reached skill level 10 in Ice Magic
  6668 | D:5      | Reached skill level 2 in Conjurations
  6755 | D:5      | Found a shimmering altar of Xom.
  6792 | D:5      | Reached skill level 3 in Fighting
  6900 | D:5      | Reached skill level 4 in Dodging
  6921 | D:5      | Reached skill level 3 in Conjurations
  7136 | D:6      | Reached * piety under Vehumet
  7136 | D:6      | Offered knowledge of Sandblast by Vehumet.
  7136 | D:6      | Reached skill level 4 in Fighting
  7254 | D:6      | Found a sand-covered staircase.
  7268 | Ossuary  | Entered an ossuary
  7361 | Ossuary  | Reached XP level 9. HP: 62/66 MP: 13/15
  7405 | Ossuary  | Offered knowledge of Foxfire by Vehumet.
  7406 | Ossuary  | Reached skill level 4 in Conjurations
  7468 | Ossuary  | Reached ** piety under Vehumet
  7518 | Ossuary  | Reached skill level 5 in Dodging
  7805 | D:6      | Lost mutation: Scrolls take you a little longer to read.
                  | [potion of mutation]
  7805 | D:6      | Lost mutation: You are resistant to electric shocks.
                  | (rElec) [potion of mutation]
  7805 | D:6      | Gained mutation: Armour fits poorly on your strangely
                  | shaped body. [potion of mutation]
  7805 | D:6      | Gained mutation: Your body sometimes deteriorates upon
                  | taking damage. [potion of mutation]
  7805 | D:6      | Gained mutation: Your mind is acute. (Int +2) [potion of
                  | mutation]
  7903 | D:6      | Reached skill level 5 in Fighting
  7964 | D:6      | Found a bloodstained altar of Trog.
  8059 | D:6      | Found a shimmering altar of Xom.
  8063 | D:6      | Found the +3 robe of Clouds {+Thunder rCloud rElec}
  8135 | D:6      | Reached skill level 6 in Fighting
  8135 | D:6      | Reached skill level 6 in Dodging
  8239 | D:6      | Found a glowing golden altar of the Shining One.
  8344 | D:6      | Found a shadowy altar of Dithmenos.
  8677 | D:7      | Offered knowledge of Static Discharge by Vehumet.
  8682 | D:7      | Reached skill level 7 in Fighting
  8684 | D:7      | Found a staircase to the Ecumenical Temple.
  8690 | D:7      | Reached skill level 7 in Dodging
  8923 | D:7      | Reached skill level 8 in Fighting
  8948 | D:7      | Reached XP level 10. HP: 74/80 MP: 12/16
  8981 | D:7      | Reached *** piety under Vehumet
  8984 | D:7      | Reached skill level 8 in Dodging
  9161 | D:7      | Noticed Harold
  9171 | D:7      | Killed Harold
  9171 | D:7      | Reached skill level 9 in Fighting
  9171 | D:7      | Reached skill level 9 in Dodging
  9729 | D:8      | Offered knowledge of Mephitic Cloud by Vehumet.
  9770 | D:8      | Reached skill level 10 in Fighting
 10018 | D:8      | Reached **** piety under Vehumet
 10031 | D:8      | Offered knowledge of Sticky Flame by Vehumet.
 10228 | D:8      | Found an ornate altar of the Wu Jian Council.
 10477 | D:8      | Reached skill level 10 in Dodging
 10484 | D:8      | Noticed a centaur warrior
 10515 | D:8      | HP: 4/86 [centaur warrior (11)]
 10515 | D:8      | HP: 1/86 [centaur warrior (3)]
 10516 | D:8      | Killed a centaur warrior
 10516 | D:8      | Reached skill level 5 in Spellcasting
 10516 | D:8      | Reached XP level 11. HP: 5/92 MP: 16/19
 10522 | D:8      | HP: 6/92 [adder zombie (1)]
 10979 | D:9      | Found an opulent altar of Gozag.
 11020 | D:9      | Learned a level 4 spell: Sticky Flame
 11101 | D:9      | Reached skill level 6 in Spellcasting
 11225 | D:9      | Found a shimmering blue altar of Sif Muna.
 11225 | D:9      | Found a hide-covered altar of Uskayaw.
 11319 | D:9      | Found a staircase to the Orcish Mines.
 11371 | D:9      | Reached skill level 11 in Fighting
 11430 | D:9      | Reached skill level 5 in Conjurations
 12340 | D:10     | Entered Level 10 of the Dungeon
 12410 | D:10     | Found a staircase to the Lair.
 12417 | D:10     | Reached ***** piety under Vehumet
 12417 | D:10     | Offered knowledge of Olgreb's Toxic Radiance by Vehumet.
 12428 | D:10     | Killed an unseen horror
 12428 | D:10     | HP: 9/93 [orc wizard/magic dart (9)]
 12808 | D:10     | Reached skill level 7 in Spellcasting
 12899 | D:10     | Reached skill level 6 in Conjurations
 12902 | D:10     | Reached skill level 11 in Dodging
 12920 | D:10     | Noticed a two-headed ogre
 12932 | D:10     | Killed a two-headed ogre
 12999 | D:10     | Noticed Josephine
 13013 | D:10     | Killed Josephine
 13013 | D:10     | Reached XP level 12. HP: 46/102 MP: 23/23
 13015 | D:10     | Reached skill level 12 in Fighting
 13171 | D:10     | Noticed an eight-headed hydra
 13180 | D:10     | Killed an eight-headed hydra
 13180 | D:10     | Reached skill level 8 in Spellcasting
 13425 | D:10     | Found a portal to a secret trove of treasure.
 13511 | Lair:1   | Entered Level 1 of the Lair of Beasts
 13916 | Lair:1   | Reached skill level 12 in Dodging
 13980 | Lair:1   | Noticed Fannar
 13983 | Lair:1   | Reached skill level 13 in Fighting
 14003 | Lair:1   | Killed Fannar
 14506 | Lair:2   | Noticed a seven-headed hydra
 14520 | Lair:2   | Killed a seven-headed hydra
 14718 | Lair:2   | Found a staircase to the Snake Pit.
 14984 | Lair:2   | HP: 10/105 [crocodile (6)]
 15014 | Lair:2   | Reached skill level 13 in Dodging
 15434 | Lair:2   | Found a runed translucent gate.
 15435 | Lair:2   | Found a runed translucent gate.
 15437 | Lair:2   | Found a runed translucent gate.
 15438 | Lair:2   | Noticed Nuigo's ghost (journeyman KoAs)
 15802 | Lair:2   | Found a staircase to the Swamp.
 16013 | Lair:2   | Reached skill level 14 in Fighting
 16033 | Lair:2   | HP: 6/107 [spectral black mamba (9)]
 16047 | Lair:2   | HP: 5/107 [spectral black mamba (13)]
 16047 | Lair:2   | Slain by Nuigo's ghost

Vanquished Creatures
  Josephine (D:10)
  Harold (D:7)
  Fannar (Lair:1)
  A centaur warrior (D:8)
  A two-headed ogre (D:10)
  An unseen horror (D:10)
  A spectral hydra (Lair:2)
  A guardian serpent (Lair:2)
  3 spiny frogs
  2 komodo dragons (Lair:2)
  Grinder (D:3)
  3 trolls
  3 tyrant leeches (Lair:2)
  3 hippogriffs
  5 wraiths (D:10)
  20 yaks
  A hungry ghost (D:10)
  A basilisk (Lair:1)
  3 wargs (D:10)
  A spectral spiny frog (Lair:2)
  A swamp worm (Lair:2)
  Duvessa (D:4)
  An acid dragon (D:8)
  5 porcupines (Lair:1)
  A water moccasin (D:7)
  7 orc warriors
  2 sky beasts
  2 ice beasts
  5 black bears
  A necrophage (D:7)
  2 phantoms
  12 ogres
  5 centaurs
  3 wolves (Lair:1)
  3 crocodiles
  5 big kobolds
  8 bullfrogs
  5 gnoll sergeants
  Dowan (D:4)
  A wyvern skeleton (D:10)
  2 scorpions
  A dream sheep simulacrum (Lair:2)
  8 wights
  5 howler monkeys
  A human zombie (Ossuary)
  3 crimson imps
  2 centaur zombies (Ossuary)
  8 hounds
  2 jellies
  10 orc priests
  10 orc wizards
  3 bullfrog skeletons
  3 iguanas
  Natasha (thrice) (D:3)
  8 worker ants
  A big kobold zombie (Ossuary)
  2 hound zombies (Ossuary)
  4 mummies
  Robin (D:3)
  A worker ant zombie (D:8)
  9 gnolls
  13 adders
  2 shadow imps (D:9)
  An ooze (D:2)
  3 adder zombies
  6 dart slugs
  8 leopard geckos
  40 orcs
  2 ball pythons
  5 giant cockroaches
  5 gnoll zombies (Ossuary)
  14 goblins
  12 hobgoblins
  11 jackals
  2 quokkas
  9 bats
  4 frilled lizards
  5 goblin zombies
  5 hobgoblin zombies
  A jackal skeleton (D:7)
  6 jackal zombies (Ossuary)
  17 kobolds
  2 kobold zombies (Ossuary)
  An orc zombie (Ossuary)
  A quokka skeleton (D:7)
  2 quokka zombies (Ossuary)
  8 rats
  3 rat zombies (Ossuary)
  A fungus (D:3)
401 creatures vanquished.

Vanquished Creatures (collateral kills)
  2 hydras
  A spectral torpor snail (Lair:2)
3 creatures vanquished.

Vanquished Creatures (others)
  2 fungi
  2 toadstools (D:3)
4 creatures vanquished.

Grand Total: 408 creatures vanquished
